 Dungeon Sprint DCSS version 0.31-a0-750-gfe7b580527 (webtiles) character file.

Game seed: 16467252120562789783

11944 rocky1 the Wrestler (level 11, -6/102 HPs)
             Began as a Troll Shapeshifter on Sept 15, 2023.
             Was an Initiate of Gozag.
             Mangled by an orc warrior
             ... wielding a +0 glaive
              (22 damage)
             ... in the Dungeon (Sprint IX: "|||||||||||||||||||||||||||||").
             The game lasted 00:05:57 (1803 turns).

rocky1 the Wrestler (Troll Shapeshifter)            Turns: 1803, Time: 00:05:57

Health: -6/102     AC:  4    Str: 26    XL:     11   Next: 56%
Magic:  10/10      EV: 12    Int:  6    God:    Gozag
Gold:   2503       SH:  5    Dex: 13    Spells: 10/10 levels left

rFire   + +          +
                       - Unarmed
rCold   . . .        (no shield)
rNeg    . . .        o - +0 robe
rPois   +            (helmet currently unavailable)
rElec   .            (cloak currently unavailable)
rCorr   .            (gloves unavailable)
SInv    .            (boots unavailable)
Will    +....        e - amulet of reflection
Stlth   x              - ring of Lady Luck {Wiz rF+++ Str+2 Slay+4 Stlth-}
HPRegen 1.17/turn    u - ring of poison resistance
MPRegen 0.12/turn

%: no teleportation, reflection, wizardry (x1)
@: mighty, brilliant, beast-form, gold aura, on berserk cooldown, enlightened,
flying, hasted and slowed
A: beast (slay +4), large, unfitting armour, claws 3, regeneration 1, shaggy fur
1, tough skin 1
a: Begin Untransformation, Renounce Religion, Potion Petition, Call Merchant,
Bribe Branch


You were in the Dungeon.
You worshipped Gozag.
Gozag was most pleased with you.
You were a hulking beast.
You visited 1 branch You collected 5259 gold pieces.
You spent 1557 gold pieces at shops.
You paid 1199 gold pieces to Gozag.

Inventory:

Missiles
 b - 3 large rocks
Armour
 o - a +0 robe (worn)
Jewellery
 e - an amulet of reflection (around neck)
 u - a ring of poison resistance (right claw)
 x - the ring of Lady Luck (left claw) {Wiz rF+++ Str+2 Slay+4 Stlth-}
   (You bought it in a shop in the Dungeon)

   [ring of wizardry]

   Wiz:       It improves your spell success rate.
   Str+2:     It affects your strength (+2).
   Slay+4:    It affects your accuracy & damage with ranged weapons and melee
   (+4).
   rF+++:     It renders you almost immune to fire.
   Stlth-:    It makes you less stealthy.
Talismans
 c - a beast talisman (active)
 d - a flux talisman
Wands
 m - a wand of roots (10)
Scrolls
 j - 3 scrolls of blinking
 l - 2 scrolls of amnesia
 n - a scroll of immolation
 s - a scroll of vulnerability
 t - 2 scrolls of enchant weapon
 v - 2 scrolls of enchant armour
 w - 3 scrolls of identify
Potions
 g - 2 potions of haste
 h - 4 potions of magic
 i - a potion of berserk rage
 k - 4 potions of curing
 p - a potion of brilliance
 q - 2 potions of might


   Skills:
 + Level 5.0 Fighting
 + Level 7.0 Dodging
 * Level 24.0 Unarmed Combat
 * Level 11.3 Shapeshifting


You had 10 spell levels left.
You didn't know any spells.
Your spell library was empty.

Dungeon Overview and Level Annotations

Branches:
Dungeon (1/1)

Altars:
Cheibriados
Dithmenos
Elyvilon
Fedhas
Gozag
Hepliaklqana
Kikubaaqudgha
Makhleb
Nemelex Xobeh
Okawaru
Qazlal
Ru
Sif Muna
Trog
Uskayaw
Vehumet
Wu Jian
Xom
Yredelemnul
Zin
The Shining One
Jiyva
Lugonu

Shops:
D =


Innate Abilities, Weirdness & Mutations

You are a hulking beast.
Your limbs bulge with bestial killing power. (Slay +4)
You are too large for most types of armour.
You have claws for hands.
Your natural rate of healing is unusually fast.
You are covered in fur. (AC +1)
You have tough skin. (AC +1)


Message History

* * * LOW HITPOINT WARNING * * *
Unknown command. [a] - 529 gold - haste, enlightenment, might and brilliance [b] - 696 gold - haste, resistance and brilliance [c] - 375 gold - resistance and enlightenment Purchase which effect?
You no longer have enough gold to bribe branches to halt enemies' attacks and recruit allies.
You feel yourself speed up.
You feel very buoyant.
You fly up into the air.
You feel very mighty all of a sudden.
You feel clever all of a sudden.
The orc warrior no longer looks unusually strong.
The orc warrior is no longer distracted by gold.
You block the orc warrior's attack. The orc warrior misses you.
The orc warrior closely misses you.
The orc warrior hits you with a +0 battleaxe.
* * * LOW HITPOINT WARNING * * *
You eviscerate the orc warrior!!!
You kill the orc warrior!
Your Unarmed Combat skill increases to level 24!
The orc warrior no longer looks unusually strong.
The orc warrior is distracted by your dazzling golden aura.
The orc warrior misses you.
Items here: $ )) [[.
The orc warrior shouts!
You claw the orc warrior! You claw the orc warrior!!
You kill the orc warrior!
Your Fighting skill increases to level 5!
You closely miss the orc warrior.
The orc warrior hits you with a +0 flail!
* * * LOW HITPOINT WARNING * * *
You eviscerate the orc warrior!!!
You kill the orc warrior!
Your Dodging skill increases to level 7!
Unknown command.
Items here: $ )) [[.
The orc warrior is no longer distracted by gold.
The orc warrior hits you from afar with a +0 glaive!!
You die...
Your body crumbles into a pile of gold.

▓_▓.▓.▓.▓$▓
▓_▓.▓.▓.▓$▓
▓_▓.▓.▓.▓$▓
▓_▓.▓'▓.▓$▓
▓_▓.▓.▓.▓$▓
▓_▓.▓.▓.▓$▓
▓_▓.▓.▓.▓$▓
▓_▓.▓∩▓.▓$▓
▓_▓.▓.▓.▓h▓
▓_▓.▓=▓.▓o▓
▓_▓.▓.▓.▓o▓
▓_▓.▓.▓.▓.▓
▓_▓.▓.▓.▓+▓
▓'▓.▓'▓.▓
▓.▓.▓.▓.▓
▓.▓.▓.▓.▓
▓)▓.▓.▓.▓


You could see 2 orc warriors.

Vanquished Creatures
  A hydra (D)
  A catoblepas (D)
  A boulder beetle (D)
  2 death yaks (D)
  A two-headed ogre (D)
  An orc high priest (D)
  2 orc knights (D)
  A cyclops (D)
  An ugly thing (D)
  A black mamba (D)
  A torpor snail (D)
  2 cane toads (D)
  3 komodo dragons (D)
  A tengu conjurer (D)
  3 tyrant leeches (D)
  3 blink frogs (D)
  A slime creature (D)
  A wyvern (D)
  A wraith (D)
  3 yaks (D)
  2 basilisks (D)
  A vampire mosquito (D)
  4 water moccasins (D)
  8 orc warriors (D)
  A bullfrog (D)
  3 scorpions (D)
  A killer bee (D)
  A hound (D)
  4 orc priests (D)
  4 orc wizards (D)
  A gnoll (D)
  6 orcs (D)
  An endoplasm (D)
  A jackal (D)
  A quokka (D)
  A rat (D)
71 creatures vanquished.

Notes
Turn   | Place    | Note
-------+----------+-------------------------------------------
     0 | D        | rocky1 the Troll Shapeshifter began the quest for the Orb.
     0 | D        | Reached XP level 1. HP: 18/18 MP: 0/0
    16 | D        | Reached skill level 4 in Unarmed Combat
    16 | D        | Reached XP level 2. HP: 21/26 MP: 1/1
    22 | D        | Noticed a scorpion
    22 | D        | Noticed a scorpion
    22 | D        | Noticed a scorpion
    27 | D        | HP: 1/26 [scorpion (3)]
    30 | D        | Killed a scorpion
    31 | D        | Reached skill level 1 in Fighting
    31 | D        | Reached skill level 6 in Unarmed Combat
    31 | D        | Reached skill level 5 in Shapeshifting
    31 | D        | Reached XP level 3. HP: 29/33 MP: 2/2
    31 | D        | Reached XP level 4. HP: 36/41 MP: 3/3
    34 | D        | Reached skill level 7 in Unarmed Combat
    35 | D        | Killed a scorpion
    36 | D        | Reached skill level 8 in Unarmed Combat
    36 | D        | Reached XP level 5. HP: 44/48 MP: 4/4
    38 | D        | Reached skill level 9 in Unarmed Combat
   145 | D        | Found a snail-covered altar of Cheibriados.
   145 | D        | Found a shadowy altar of Dithmenos.
   145 | D        | Found a white marble altar of Elyvilon.
   145 | D        | Found a blossoming altar of Fedhas.
   145 | D        | Found an opulent altar of Gozag.
   146 | D        | Found a hazy altar of Hepliaklqana.
   147 | D        | Found a viscous altar of Jiyva.
   148 | D        | Found an ancient bone altar of Kikubaaqudgha.
   149 | D        | Found a corrupted altar of Lugonu.
   150 | D        | Found a burning altar of Makhleb.
   151 | D        | Found a sparkling altar of Nemelex Xobeh.
   152 | D        | Found an iron altar of Okawaru.
   153 | D        | Found a stormy altar of Qazlal.
   154 | D        | Found a sacrificial altar of Ru.
   155 | D        | Found a shimmering blue altar of Sif Muna.
   156 | D        | Found a bloodstained altar of Trog.
   157 | D        | Found a hide-covered altar of Uskayaw.
   158 | D        | Found a radiant altar of Vehumet.
   165 | D        | Became a worshipper of Gozag Ym Sagoz the Greedy
   172 | D        | Found an ornate altar of the Wu Jian Council.
   173 | D        | Found a shimmering altar of Xom.
   174 | D        | Found a basalt altar of Yredelemnul.
   175 | D        | Found a glowing silver altar of Zin.
   176 | D        | Found a glowing golden altar of the Shining One.
   202 | D        | Noticed a yak
   202 | D        | Noticed a wyvern
   202 | D        | Noticed a two-headed ogre
   202 | D        | Noticed a yak
   211 | D        | Killed a yak
   212 | D        | Reached skill level 11 in Unarmed Combat
   212 | D        | Reached XP level 6. HP: 42/55 MP: 5/5
   214 | D        | Killed a wyvern
   215 | D        | Reached skill level 12 in Unarmed Combat
   215 | D        | Reached XP level 7. HP: 51/63 MP: 6/6
   217 | D        | Killed a two-headed ogre
   218 | D        | Reached skill level 14 in Unarmed Combat
   218 | D        | Reached XP level 8. HP: 43/72 MP: 7/7
   460 | D        | Noticed a cyclops
   460 | D        | Noticed a green ugly thing
   460 | D        | Noticed a slime creature
   460 | D        | Noticed a tengu conjurer
   468 | D        | Reached skill level 15 in Unarmed Combat
   472 | D        | Killed a cyclops
   473 | D        | Reached skill level 16 in Unarmed Combat
   473 | D        | Reached skill level 10 in Shapeshifting
   477 | D        | Killed a green ugly thing
   478 | D        | Reached XP level 9. HP: 50/80 MP: 8/8
   482 | D        | Reached skill level 17 in Unarmed Combat
   485 | D        | Killed a tengu conjurer
   846 | D        | Noticed a cane toad
   846 | D        | Noticed a black mamba
   846 | D        | Noticed a komodo dragon
   846 | D        | Noticed a komodo dragon
   848 | D        | Noticed a boulder beetle
   853 | D        | Killed a cane toad
   854 | D        | Reached skill level 18 in Unarmed Combat
   901 | D        | Noticed a torpor snail
   908 | D        | Reached skill level 5 in Dodging
   917 | D        | Killed a black mamba
   918 | D        | Killed a komodo dragon
   937 | D        | Killed a boulder beetle
   938 | D        | Reached skill level 19 in Unarmed Combat
   938 | D        | Reached XP level 10. HP: 56/91 MP: 9/9
   976 | D        | Killed a torpor snail
   977 | D        | Reached skill level 20 in Unarmed Combat
  1005 | D        | Noticed a catoblepas
  1032 | D        | Killed a catoblepas
  1194 | D        | Noticed a cane toad
  1194 | D        | Noticed a death yak
  1194 | D        | Noticed an eight-headed hydra
  1194 | D        | Noticed a death yak
  1195 | D        | Killed a cane toad
  1201 | D        | Killed a death yak
  1202 | D        | Reached skill level 21 in Unarmed Combat
  1208 | D        | Killed a ten-headed hydra
  1216 | D        | Killed a death yak
  1217 | D        | Reached skill level 22 in Unarmed Combat
  1217 | D        | Reached XP level 11. HP: 38/101 MP: 10/10
  1299 | D        | Bought an amulet of reflection for 330 gold pieces
  1299 | D        | Bought a ring of poison resistance for 220 gold pieces
  1299 | D        | Bought the ring of Lady Luck {Wiz rF+++ Str+2 Slay+4
                  | Stlth-} for 1007 gold pieces
  1446 | D        | Reached skill level 23 in Unarmed Combat
  1649 | D        | Noticed an orc high priest
  1651 | D        | Noticed a sixfirhy
  1666 | D        | Killed an orc high priest
  1769 | D        | Noticed an orc knight
  1771 | D        | Noticed an orc knight
  1775 | D        | Killed an orc knight
  1787 | D        | Killed an orc knight
  1798 | D        | Reached skill level 24 in Unarmed Combat
  1800 | D        | Reached skill level 5 in Fighting
  1803 | D        | Mangled by an orc warrior

Illustrated notes

Levels and vault maps discovered:
D:        linesprint [early_d, line_temple, items_1, d_10, items_2, lair_1,
          lair_end, items_3, orc_1, orc_end, items_4, d_15, swamp_1, shoals_1,
          snake_1, spider_1, d_20, vaults_1, items_5, swamp_end, shoals_end,
          snake_end, spider_end, vaults_end, d_27, items_6, zot_1, zot_end,
          crypt_end, forest_end, elf_end, slime_end, tomb_end, abyss_end,
          pan_hell_end]

Skill      XL: |  1  2  3  4  5  6  7  8  9 10 11 |
---------------+----------------------------------+-----
Unarmed Combat | 4 6 8 11 12 14 16 19 22 24 | 24.0
Fighting       | 1 2 3 4 5 |  5.0
Dodging        | 2 3 4 5 6 7 |  7.0
Shapeshifting  | 5 6 7 8 9 10 11 | 11.3

Action                     |  1- 3 |  4- 6 |  7- 9 | 10-12 || total
---------------------------+-------+-------+-------+-------++-------
  Melee: Unarmed           |    16 |    20 |    64 |   129 ||   229
         Punch             |     1 |       |     9 |    14 ||    24
 Invoke: Potion Petition   |       |       |       |     1 ||     1
         Call Merchant     |       |       |       |     1 ||     1
    Use: Potion            |     2 |       |     1 |     5 ||     8
         Scroll            |       |       |     1 |       ||     1
   Stab: Invisible         |       |       |       |     5 ||     5
         Distracted        |       |       |       |     3 ||     3
 Armour: Animal skin       |    11 |     4 |    24 |    35 ||    74
         Skin              |       |       |    19 |       ||    19
         Robe              |       |       |       |    20 ||    20
  Dodge: Dodged            |     7 |     8 |    13 |    30 ||    58
  Block: Other             |       |       |       |    11 ||    11

Table legend: (Time is in decaauts)
 A = Elapsed time spent in this place.
 B = Non-inter-level travel time spent in this place.
 C = Inter-level travel time spent in this place.
 D = Time resting spent in this place.
 E = Time spent auto-exploring this place.
 F = Levels seen in this place.
 G = Mean time per level.
                   A        B        C        D        E       F      G
               +--------+--------+--------+--------+--------+-----+--------+
         Total |   1748 |   1748 |      0 |   1025 |      0 |   1 | 1748.0 |
       Dungeon |   1748 |   1748 |      0 |   1025 |      0 |   1 | 1748.0 |
               +--------+--------+--------+--------+--------+-----+--------+

Top non-repeatable levels by time:
       D: 1748 daAuts
